| TOP OF THE 1ST |
|
Greeneville Astros batting - Pitching for Texas (APP) Rangers : RHP Mike Hickey
|
|
Pitching: RHP Mike Hickey
|
|
|
Batting: RHB Omar Amaya
|
0-0: Foul Ball, location: 2F 0-1: SINGLE (Groundball, 25, EV 70.6 MPH) (infield hit)
|
|
Batting: SHB Miguel Sierra
|
0-0: Ball Omar Amaya steals 2nd, throwing error, E2 Omar Amaya to third 1-0: Called Strike 1-1: Foul Ball, location: 2F 1-2: Ball 2-2: Ball 3-2: Strikes out swinging
|
|
Batting: LHB Mark Dearth
|
0-0: Ball 1-0: Ball 2-0: Called Strike 2-1: Foul Ball, location: 2F 2-2: Ball 3-2: Base on Balls
|
|
Batting: LHB Daigo Ishii
|
0-0: Ball 1-0: Ball 2-0: Ball 3-0: Base on Balls Mark Dearth to second
|
|
Batting: RHB Yoshitoshi Mori
|
0-0: Called Strike 0-1: Called Strike 0-2: Ball 1-2: Strikes out swinging
|
|
Batting: RHB Erik Smith
|
0-0: Swinging Strike 0-1: Ball 1-1: Foul Ball, location: 2F 1-2: SINGLE (Groundball, 56D, EV 97.5 MPH) Omar Amaya scores Mark Dearth to third Daigo Ishii to second Runner from 3rd tries for Home, SAFE, throw by LF to home
|
|
Batting: RHB Keith Goodwin
|
0-0: Fielders Choice at 2nd, U4 (Groundball, 4M, EV 109.4 MPH)
|
| Top of the 1st over - 2 runs, 2 hits, 1 error, 2 left on base; Greeneville 2 - Texas (APP) 0 |
| BOTTOM OF THE 1ST |
|
Texas (APP) Rangers batting - Pitching for Greeneville Astros : LHP Jason Mitchell
|
|
Pitching: LHP Jason Mitchell
|
|
|
Batting: LHB Walter Vegter
|
0-0: Swinging Strike 0-1: Swinging Strike 0-2: Strikes out swinging
|
|
Batting: SHB Tim Rogers
|
0-0: Ball 1-0: Ground out 5-3 (Groundball, 5, EV 85.6 MPH)
|
|
Batting: LHB Tomoya Hashimoto
|
0-0: Fly out, F7 (Flyball, 7S, EV 80.0 MPH)
|
| Bottom of the 1st over - 0 runs, 0 hits, 0 errors, 0 left on base; Greeneville 2 - Texas (APP) 0 |
| TOP OF THE 2ND |
|
Greeneville Astros batting - Pitching for Texas (APP) Rangers : RHP Mike Hickey
|
|
Batting: RHB Russ Greer
|
0-0: Called Strike 0-1: Foul Ball, location: 2F 0-2: Ball 1-2: Strikes out swinging
|
|
Batting: RHB Guo-ning Chen
|
0-0: Ball 1-0: Called Strike 1-1: Ball 2-1: Ball 3-1: Base on Balls
|
|
Batting: RHB Omar Amaya
|
0-0: Ground out 6-3 (Groundball, 6S, EV 65.6 MPH) Guo-ning Chen to second
|
|
Batting: SHB Miguel Sierra
|
0-0: SINGLE (Groundball, 56D, EV 99.4 MPH) (infield hit) Guo-ning Chen to third
|
|
Batting: LHB Mark Dearth
|
0-0: Ball 1-0: Ball 2-0: Ball 3-0: Called Strike 3-1: Foul Ball, location: 2F 3-2: SINGLE (Groundball, 34D, EV 102.5 MPH) Guo-ning Chen scores Miguel Sierra to second Miguel Sierra to third
|
|
Batting: LHB Daigo Ishii
|
0-0: Called Strike 0-1: Ball 1-1: Ball 2-1: Foul Ball, location: 2F 2-2: Foul Ball, location: 2F 2-2: Ball 3-2: Hit by Pitch Mark Dearth to second
|
|
Batting: RHB Yoshitoshi Mori
|
0-0: Foul Ball, location: 2F 0-1: Ball 1-1: Swinging Strike 1-2: Strikes out swinging
|
| Top of the 2nd over - 1 run, 2 hits, 0 errors, 3 left on base; Greeneville 3 - Texas (APP) 0 |
| BOTTOM OF THE 2ND |
|
Texas (APP) Rangers batting - Pitching for Greeneville Astros : LHP Jason Mitchell
|
|
Batting: RHB Bryan Wheeler
|
0-0: Foul Ball, location: 2F 0-1: Ball 1-1: Called Strike 1-2: SINGLE (Groundball, 4M, EV 108.1 MPH) (infield hit)
|
|
Batting: RHB Shawn Weber
|
0-0: Called Strike 0-1: Foul Ball, location: 2F 0-2: Ball 1-2: Fielders Choice at 2nd, 5-4 (Groundball, 56S, EV 90.6 MPH)
|
|
Batting: RHB Luis Solorzano
|
0-0: Ball 1-0: Swinging Strike 1-1: Foul Ball, location: 2F 1-2: Ball 2-2: Strikes out looking
|
|
Batting: RHB Morgan Harding
|
0-0: Called Strike 0-1: Foul Ball, location: 2F 0-2: Ball 1-2: Fielders Choice at 2nd, 6-4 (Groundball, 6, EV 100.6 MPH)
|
| Bottom of the 2nd over - 0 runs, 1 hit, 0 errors, 1 left on base; Greeneville 3 - Texas (APP) 0 |
| TOP OF THE 3RD |
|
Greeneville Astros batting - Pitching for Texas (APP) Rangers : RHP Mike Hickey
|
|
Batting: RHB Erik Smith
|
0-0: Called Strike 0-1: SINGLE (Groundball, 6D, EV 109.4 MPH)
|
|
Batting: RHB Keith Goodwin
|
0-0: Foul Ball, location: 2F 0-1: Swinging Strike 0-2: SINGLE (Flyball, 8LS, EV 94.4 MPH) Erik Smith to second
|
|
Batting: RHB Russ Greer
|
0-0: Foul Ball, location: 2F 0-1: Called Strike 0-2: Strikes out swinging
|
|
Batting: RHB Guo-ning Chen
|
0-0: Ball 1-0: Swinging Strike 1-1: Fielders Choice at 2nd, 6-4 (Groundball, 6M, EV 105.0 MPH) Erik Smith to third
|
|
Batting: RHB Omar Amaya
|
0-0: Ball 1-0: Called Strike 1-1: Ball 2-1: Swinging Strike 2-2: Strikes out swinging
|
| Top of the 3rd over - 0 runs, 2 hits, 0 errors, 2 left on base; Greeneville 3 - Texas (APP) 0 |
| BOTTOM OF THE 3RD |
|
Texas (APP) Rangers batting - Pitching for Greeneville Astros : LHP Jason Mitchell
|
|
Batting: SHB Albert Ortiz
|
0-0: Ball 1-0: SINGLE (Line Drive, 4MD, EV 95.0 MPH)
|
|
Batting: RHB Ferdi Schipper
|
0-0: Called Strike 0-1: Ball 1-1: Ball 2-1: Ball 3-1: Base on Balls Albert Ortiz to second
|
|
Batting: LHB Walter Vegter
|
0-0: Called Strike 0-1: Swinging Strike 0-2: Ball 1-2: Ball 2-2: Strikes out swinging
|
|
Batting: SHB Tim Rogers
|
0-0: Reached on error, E5 (Groundball, 5S, EV 86.9 MPH) Albert Ortiz to third Ferdi Schipper to second
|
|
Batting: LHB Tomoya Hashimoto
|
0-0: Called Strike 0-1: Swinging Strike 0-2: Ball 1-2: Ball 2-2: Strikes out looking
|
|
Batting: RHB Bryan Wheeler
|
0-0: Foul Ball, location: 2F 0-1: Ball 1-1: Ball 2-1: Ball 3-1: Swinging Strike 3-2: Foul Ball, location: 2F 3-2: Base on Balls Albert Ortiz scores Ferdi Schipper to third Tim Rogers to second
|
|
Batting: RHB Shawn Weber
|
0-0: Foul Ball, location: 2F 0-1: Ball 1-1: Foul Ball, location: 2F 1-2: Foul Ball, location: 2F 1-2: SINGLE (Line Drive, 78S, EV 102.5 MPH) Ferdi Schipper scores Tim Rogers to third Bryan Wheeler to second
|
|
Batting: RHB Luis Solorzano
|
0-0: Ball 1-0: Foul Ball, location: 2F 1-1: GRAND SLAM HOME RUN (Flyball, 89XD, EV 103.1 MPH), Distance : 416 ft
|
|
Pitching: RHP Greg Otto
|
|
|
Batting: RHB Morgan Harding
|
0-0: DOUBLE (Line Drive, 7LM, EV 111.9 MPH)
|
|
Batting: SHB Albert Ortiz
|
0-0: Swinging Strike 0-1: Ball 1-1: Ball 2-1: Swinging Strike 2-2: Ball 3-2: Ground out 6-3 (Groundball, 6, EV 108.1 MPH)
|
| Bottom of the 3rd over - 6 runs, 4 hits, 1 error, 1 left on base; Greeneville 3 - Texas (APP) 6 |
| TOP OF THE 4TH |
|
Greeneville Astros batting - Pitching for Texas (APP) Rangers : RHP Mike Hickey
|
|
Batting: SHB Miguel Sierra
|
0-0: Ball 1-0: Called Strike 1-1: Ball 2-1: Foul Ball, location: 2F 2-2: SINGLE (Line Drive, 8RS, EV 100.0 MPH)
|
|
Batting: LHB Mark Dearth
|
0-0: Called Strike 0-1: Swinging Strike 0-2: Strikes out swinging
|
|
Batting: LHB Daigo Ishii
|
0-0: Foul Ball, location: 2F 0-1: Foul Ball, location: 2F 0-2: Ball 1-2: Foul Ball, location: 2F 1-2: Foul Ball, location: 2F 1-2: Ball 2-2: Strikes out looking
|
|
Batting: RHB Yoshitoshi Mori
|
0-0: Ball Miguel Sierra steals 2nd base 1-0: Ball 2-0: Called Strike 2-1: Ball 3-1: Base on Balls
|
|
Batting: RHB Erik Smith
|
0-0: Called Strike 0-1: Foul Ball, location: 2F 0-2: Ball 1-2: Strikes out swinging
|
| Top of the 4th over - 0 runs, 1 hit, 0 errors, 2 left on base; Greeneville 3 - Texas (APP) 6 |
| BOTTOM OF THE 4TH |
|
Texas (APP) Rangers batting - Pitching for Greeneville Astros : RHP Greg Otto
|
|
Batting: RHB Ferdi Schipper
|
0-0: Ball 1-0: Ball 2-0: Foul Ball, location: 2F 2-1: Ball 3-1: Base on Balls
|
|
Batting: LHB Walter Vegter
|
0-0: Called Strike 0-1: Ball 1-1: Ball 2-1: Ball 3-1: Foul Ball, location: 2F 3-2: 2-RUN HOME RUN (Flyball, 9D, EV 96.2 MPH), Distance : 372 ft
|
|
Batting: SHB Tim Rogers
|
0-0: Called Strike 0-1: Foul Ball, location: 2F 0-2: SINGLE (Flyball, 34D, EV 86.9 MPH)
|
|
Batting: LHB Tomoya Hashimoto
|
0-0: Swinging Strike 0-1: Ball Tim Rogers steals 2nd base 1-1: Swinging Strike 1-2: Ball 2-2: Foul Ball, location: 2F 2-2: Ground out 5-3 (Groundball, 56, EV 90.6 MPH)
|
|
Batting: RHB Bryan Wheeler
|
0-0: Ball Wild Pitch! Tim Rogers to third 1-0: Foul Ball, location: 2F 1-1: Foul Ball, location: 2F 1-2: Ball 2-2: Foul Ball, location: 2F 2-2: Foul Ball, location: 2F 2-2: Ball 3-2: Base on Balls
|
|
Batting: RHB Shawn Weber
|
0-0: Ball 1-0: Swinging Strike 1-1: Fielders Choice at 2nd, 6-4 (Groundball, 6, EV 80.0 MPH) Tim Rogers scores
|
|
Batting: RHB Luis Solorzano
|
0-0: Ball 1-0: Ball 2-0: Ball 3-0: Base on Balls Shawn Weber to second
|
|
Batting: RHB Morgan Harding
|
0-0: Ball 1-0: Foul Ball, location: 2F 1-1: Ball 2-1: DOUBLE (Line Drive, 89M, EV 104.4 MPH) Shawn Weber scores Luis Solorzano to third Runner from 3rd tries for Home, throw by CF and OUT! 8-4-2
|
| Bottom of the 4th over - 4 runs, 3 hits, 0 errors, 1 left on base; Greeneville 3 - Texas (APP) 10 |
| TOP OF THE 5TH |
|
Greeneville Astros batting - Pitching for Texas (APP) Rangers : RHP Mike Hickey
|
|
Batting: RHB Keith Goodwin
|
0-0: Ball 1-0: Ball 2-0: Called Strike 2-1: Ball 3-1: Foul Ball, location: 2F 3-2: Base on Balls
|
|
Pitching: RHP Javy Arias
|
|
|
Batting: RHB Russ Greer
|
0-0: Ball 1-0: Called Strike Keith Goodwin steals 2nd base 1-1: Ball 2-1: Fly out, F7 (Flyball, 7LS, EV 90.0 MPH)
|
|
Batting: RHB Guo-ning Chen
|
0-0: Ball 1-0: Foul Ball, location: 2F 1-1: Foul Ball, location: 2F 1-2: Strikes out swinging
|
|
Batting: RHB Omar Amaya
|
0-0: Ground out 5-3 (Groundball, 56S, EV 68.1 MPH)
|
| Top of the 5th over - 0 runs, 0 hits, 0 errors, 1 left on base; Greeneville 3 - Texas (APP) 10 |
| BOTTOM OF THE 5TH |
|
Texas (APP) Rangers batting - Pitching for Greeneville Astros : RHP Greg Otto
|
|
Batting: SHB Albert Ortiz
|
0-0: Called Strike 0-1: Ball 1-1: SINGLE (Flyball, 9LS, EV 91.2 MPH)
|
|
Batting: RHB Ferdi Schipper
|
0-0: Called Strike 0-1: Foul Ball, location: 2F 0-2: Ball Passed Ball! Albert Ortiz to second 1-2: Ball 2-2: SINGLE (Groundball, 56, EV 110.6 MPH) Albert Ortiz to third
|
|
Pitching: RHP Jon Davis
|
|
|
Batting: LHB Walter Vegter
|
0-0: Ball 1-0: Ball 2-0: Called Strike 2-1: Called Strike 2-2: Ball 3-2: Strikes out swinging
|
|
Batting: SHB Tim Rogers
|
0-0: Foul Ball, location: 2F 0-1: Ball 1-1: Called Strike 1-2: Fielders Choice at 2nd, 1-4 (Groundball, 15S, EV 65.6 MPH)
|
|
Batting: LHB Tomoya Hashimoto
|
0-0: Fly out, F8 (Flyball, 8LD, EV 103.1 MPH)
|
| Bottom of the 5th over - 0 runs, 2 hits, 0 errors, 2 left on base; Greeneville 3 - Texas (APP) 10 |
| TOP OF THE 6TH |
|
Greeneville Astros batting - Pitching for Texas (APP) Rangers : RHP Javy Arias
|
|
Batting: SHB Miguel Sierra
|
0-0: Ball 1-0: Foul Ball, location: 2F 1-1: Swinging Strike 1-2: Foul Ball, location: 2F 1-2: Foul Ball, location: 2F 1-2: Ball 2-2: Hit by Pitch
|
|
Batting: LHB Mark Dearth
|
0-0: Called Strike 0-1: Swinging Strike 0-2: Ball 1-2: Foul Ball, location: 2F 1-2: Strikes out swinging
|
|
Batting: LHB Daigo Ishii
|
0-0: Ball 1-0: Called Strike 1-1: Foul Ball, location: 2F 1-2: Strikes out swinging
|
|
Batting: RHB Yoshitoshi Mori
|
0-0: Swinging Strike 0-1: Ball 1-1: Called Strike Miguel Sierra steals 2nd base 1-2: Strikes out swinging
|
| Top of the 6th over - 0 runs, 0 hits, 0 errors, 1 left on base; Greeneville 3 - Texas (APP) 10 |
| BOTTOM OF THE 6TH |
|
Texas (APP) Rangers batting - Pitching for Greeneville Astros : RHP Jon Davis
|
|
Batting: RHB Bryan Wheeler
|
0-0: Ball 1-0: Foul Ball, location: 2F 1-1: Ball 2-1: Ball 3-1: DOUBLE (Groundball, 5L, EV 102.5 MPH)
|
|
Batting: RHB Shawn Weber
|
0-0: Ball 1-0: Foul Ball, location: 2F 1-1: Ball 2-1: Foul Ball, location: 2F 2-2: Ball 3-2: Ground out 4-3 (Groundball, 4, EV 80.6 MPH) Bryan Wheeler to third
|
|
Batting: RHB Luis Solorzano
|
0-0: Called Strike Passed Ball! Bryan Wheeler scores 0-1: Ball 1-1: Called Strike 1-2: Foul Ball, location: 2F 1-2: Foul Ball, location: 2F 1-2: Strikes out looking
|
|
Batting: RHB Morgan Harding
|
0-0: Ball 1-0: Called Strike 1-1: Ball 2-1: Swinging Strike 2-2: Strikes out swinging
|
| Bottom of the 6th over - 1 run, 1 hit, 0 errors, 0 left on base; Greeneville 3 - Texas (APP) 11 |
| TOP OF THE 7TH |
|
Greeneville Astros batting - Pitching for Texas (APP) Rangers : RHP Javy Arias
|
|
Pitching: LHP Pat Mena
|
|
|
Batting: RHB Erik Smith
|
0-0: Ground out 6-3 (Groundball, 6, EV 85.6 MPH)
|
|
Batting: RHB Keith Goodwin
|
0-0: Ball 1-0: Called Strike 1-1: Ball 2-1: Swinging Strike 2-2: Foul Ball, location: 2F 2-2: Ball 3-2: Strikes out swinging
|
|
Batting: RHB Russ Greer
|
0-0: Ball 1-0: Ball 2-0: Foul Ball, location: 2F 2-1: Fly out, F7 (Line Drive, 7LS, EV 88.1 MPH)
|
| Top of the 7th over - 0 runs, 0 hits, 0 errors, 0 left on base; Greeneville 3 - Texas (APP) 11 |
| BOTTOM OF THE 7TH |
|
Texas (APP) Rangers batting - Pitching for Greeneville Astros : RHP Jon Davis
|
|
Batting: SHB Albert Ortiz
|
0-0: Ball 1-0: Ball 2-0: Foul Ball, location: 2F 2-1: Ball 3-1: Foul Ball, location: 2F 3-2: Fly out, F5 (Popup, 25F, EV 84.4 MPH)
|
|
Pinch Hitting: RHB Sal Cervantes
|
0-0: Foul Ball, location: 2F 0-1: SINGLE (Groundball, 6MD, EV 110.0 MPH)
|
|
Pinch Hitting: RHB Sebastian Fisk
|
0-0: Ball 1-0: Swinging Strike 1-1: Swinging Strike 1-2: Fly out, F4 (Line Drive, 4, EV 61.2 MPH)
|
|
Batting: SHB Tim Rogers
|
0-0: Ball 1-0: Swinging Strike 1-1: Ball 2-1: SINGLE (Groundball, 6MD, EV 96.2 MPH) Sal Cervantes to second Runner from 2nd tries for 3rd, OUT! 8-5
|
| Bottom of the 7th over - 0 runs, 2 hits, 0 errors, 1 left on base; Greeneville 3 - Texas (APP) 11 |
| TOP OF THE 8TH |
|
Greeneville Astros batting - Pitching for Texas (APP) Rangers : LHP Pat Mena
|
|
Now at SS: Sal Cervantes
|
|
|
Now in CF: Sebastian Fisk
|
|
|
Batting: RHB Guo-ning Chen
|
0-0: Ball 1-0: Foul Ball, location: 2F 1-1: Foul Ball, location: 2F 1-2: Ball 2-2: Ground out 1-3 (Groundball, 13S, EV 75.0 MPH)
|
|
Batting: RHB Omar Amaya
|
0-0: Ball 1-0: Ball 2-0: Ball 3-0: Ground out 6-3 (Groundball, 6M, EV 85.0 MPH)
|
|
Batting: SHB Miguel Sierra
|
0-0: SINGLE (Line Drive, 89S, EV 93.1 MPH)
|
|
Batting: LHB Mark Dearth
|
0-0: Ball 1-0: Called Strike 1-1: Ground out U3 (Groundball, 13, EV 85.0 MPH)
|
| Top of the 8th over - 0 runs, 1 hit, 0 errors, 1 left on base; Greeneville 3 - Texas (APP) 11 |
| BOTTOM OF THE 8TH |
|
Texas (APP) Rangers batting - Pitching for Greeneville Astros : RHP Jon Davis
|
|
Batting: LHB Tomoya Hashimoto
|
0-0: Ball 1-0: Ball 2-0: Single, Error in OF, E8, batter to second base (Groundball, 6MD, EV 98.8 MPH)
|
|
Pitching: RHP Kuaika Anakala
|
|
|
Batting: RHB Bryan Wheeler
|
0-0: Foul Ball, location: 2F 0-1: 2-RUN HOME RUN (Flyball, 89XD, EV 99.4 MPH), Distance : 392 ft
|
|
Batting: RHB Shawn Weber
|
0-0: Called Strike 0-1: Swinging Strike 0-2: Strikes out swinging
|
|
Batting: RHB Luis Solorzano
|
0-0: Ball 1-0: Ball 2-0: Ball 3-0: Called Strike 3-1: Base on Balls
|
|
Batting: RHB Morgan Harding
|
0-0: Called Strike 0-1: SINGLE (Groundball, 5S, EV 68.1 MPH) (infield hit) Luis Solorzano to second
|
|
Batting: SHB Albert Ortiz
|
0-0: Ball 1-0: Grounds into double play, 4-6-3 (Groundball, 4, EV 85.0 MPH)
|
| Bottom of the 8th over - 2 runs, 3 hits, 1 error, 1 left on base; Greeneville 3 - Texas (APP) 13 |
| TOP OF THE 9TH |
|
Greeneville Astros batting - Pitching for Texas (APP) Rangers : LHP Pat Mena
|
|
Batting: LHB Daigo Ishii
|
0-0: Ball 1-0: Called Strike 1-1: Called Strike 1-2: Foul Ball, location: 2F 1-2: Ball 2-2: Foul Ball, location: 2F 2-2: Strikes out swinging
|
|
Batting: RHB Yoshitoshi Mori
|
0-0: Ball 1-0: Called Strike 1-1: Ball 2-1: Ball 3-1: Called Strike 3-2: Strikes out swinging
|
|
Batting: RHB Erik Smith
|
0-0: Foul Ball, location: 2F 0-1: Ball 1-1: Ball 2-1: Foul Ball, location: 2F 2-2: Ball 3-2: Foul Ball, location: 2F 3-2: Strikes out swinging
|
| Top of the 9th over - 0 runs, 0 hits, 0 errors, 0 left on base; Greeneville 3 - Texas (APP) 13 |
|